 Dungeon Crawl Stone Soup version 0.30.1-4-g462c640d31 (webtiles) character file.

Game seed: 13634566346332994589

21 flappity the Vexing (level 3, -1/20 HPs)
             Began as a Kobold Hexslinger on Aug 16, 2023.
             Was a Follower of Uskayaw.
             Slain by an orc wizard
             ... wielding a +0 dagger
              (3 damage)
             ... on level 1 of the Dungeon.
             The game lasted 00:04:31 (893 turns).

flappity the Vexing (Kobold Hexslinger)              Turns: 893, Time: 00:04:31

Health: -1/20      AC:  2    Str:  7    XL:     3   Next: 2%
Magic:  5/5        EV: 15    Int: 14    God:    Uskayaw [*.....]
Gold:   7          SH:  0    Dex: 17    Spells: 4/5 levels left

rFire   + . .        b - +0 whip
rCold   + . .        (no shield)
rNeg    . . .        c - +0 robe
rPois   +            (no helmet)
rElec   +            (no cloak)
rCorr   +            (no gloves)
SInv    .            (no boots)
Will    .....        (no amulet)
Stlth   +++          (no ring)
HPRegen 0.23/turn    (no ring)
MPRegen 0.09/turn

%: no passive effects
@: resistant, hasted, very quick
A: small, no large weapons, nightstalker 3
a: Renounce Religion, Stomp


You were on level 1 of the Dungeon.
You worshipped Uskayaw.
Uskayaw was noncommittal.
You visited 1 branch of the dungeon, and saw 2 of its levels.

You collected 7 gold pieces.


Innate Abilities, Weirdness & Mutations

You are small and have problems with some larger weapons.
You are completely attuned to the shadows.


   Skills:
 + Level 1.5 Fighting
 + Level 3.1 Ranged Weapons
 + Level 2.8 Dodging
 + Level 1.5 Spellcasting
 + Level 3.2 Hexes


You had 4 spell levels left.
You knew the following spells:

 Your Spells              Type           Power      Damage    Failure   Level
s - Slow                  Hex            40%        N/A       7%          1

Your spell library contained the following spells:

 Spells                   Type           Power      Damage    Failure   Level
 Inner Flame              Hex/Fire       5%         N/A       36%         3
 Portal Projectile        Hex/Tloc       10%        N/A       36%         3
 Cause Fear               Hex            5%         N/A       54%         4

Inventory:

Hand Weapons
 a - a +1 sling
 b - a +0 whip (weapon)
 j - a +0 scimitar
Missiles
 e - 2 poisoned darts
Armour
 c - a +0 robe (worn)
Scrolls
 f - 2 scrolls of identify {unknown}
 g - a scroll of poison
 h - 2 scrolls of teleportation {unknown}


Message History

There is a stone staircase leading down here.
You shoot a sling bullet.
The sling bullet hits the orc wizard but does no damage.
The orc wizard gestures at you while chanting.
You are confused.
You're too confused to cast spells.
The orc wizard hits you with a +0 dagger.
You take 3 damage.
Unknown command.
You are too confused!
Non-targeted confused fire: a) +1 sling
Press: ? - help, Q - select action, (/) - cycle Dir - look around, f - activate You shoot a sling bullet.
The orc wizard hits you with a +0 dagger.
You take 4 damage.
Non-targeted confused fire: a) +1 sling
Press: ? - help, Q - select action, (/) - cycle Dir - look around, f - activate Look: an orc wizard, wielding a +0 dagger and wearing a +0 robe You shoot a sling bullet.
The sling bullet closely misses the orc wizard.
The orc wizard closely misses you. The orc wizard misses you.
b - a +0 whip (weapon)
You closely miss the orc wizard.
The orc wizard hits you with a +0 dagger.
You take 1 damage.
You bump into the rock wall.
The orc wizard casts a spell at you. The puff of flame hits you!
You take 7 damage.
You hit the orc wizard but do no damage.
You feel less confused.
The orc wizard hits you with a +0 dagger.
You take 1 damage.
You hit the orc wizard.
The orc wizard is lightly wounded.
The orc wizard gestures at you while chanting.
You resist with significant effort.
You closely miss the orc wizard.
The orc wizard is lightly wounded.
The orc wizard hits you but does no damage.
The orc wizard hits you with a +0 dagger.
You take 2 damage.
Okay, then.
It was a potion of resistance.
You feel protected.
The orc wizard mumbles some strange words.
The orc wizard flickers and vanishes!
Deactivating autopickup; reactivate with Ctrl-A.
It was a potion of haste.
You feel yourself speed up. Something hits you.
You die...

∙∙∙∙∙▒▒∙▒∙▒∙∙∙%∙∙▒▒∙▒ ▒∙∙∙▒
▒▒∙▒▒▒▒∙▒∙▒∙∙∙∙▒∙▒▒∙▒ ▒∙∙∙▒ ∙▒∙▒
▒∙∙∙∙∙∙∙∙∙▒∙▒▒∙▒ ▒∙∙∙▒ ∙∙∙▒
▒▒∙▒∙∙∙∙∙∙∙∙∙∙∙▒ ▒∙∙∙▒ ∙▒∙▒
▒▒▒▒▒∙∙▒▒▒∙▒▒▒▒ ▒∙∙∙▒
▒▒∙▒▒▒▒▒▒∙∙∙∙∙∙▒∙▒ ▒∙∙∙▒
▒∙▒∙∙∙∙∙∙▒∙∙▒∙▒∙▒▒▒▒▒▒▒▒∙∙∙▒▒▒▒▒
▒∙▒∙∙∙∙∙∙▒∙∙∙∙∙){∙∙∙∙∙∙∙∙∙∙∙∙∙∙∙
▒∙▒∙∙∙∙∙∙∙∙▒▒[∙K∙∙∙∙∙∙∙∙∙∙∙∙∙∙∙∙
▒∙▒∙∙∙∙∙∙▒▒▒▒∙▒▒∙∙∙∙∙∙∙∙∙∙∙∙∙∙∙∙
▒∙▒∙∙∙∙∙∙∙∙∙∙∙∙∙∙▒▒∙▒▒▒▒▒▒▒▒▒▒▒∙
▒▒∙▒▒▒▒▒▒▒▒▒▒▒∙∙∙∙∙∙∙∙∙∙∙∙∙▒∙∙▒▒∙
▒▒∙▒▒▒▒▒▒▒▒ ▒∙∙∙∙▒▒∙▒##∙∙<▒▒∙▒▒∙
∙∙∙▒∙∙∙(∙∙▒ ▒∙▒∙▒▒▒∙▒###∙>▒▒∙▒▒∙
▒▒▒▒∙▒▒▒▒∙▒ ▒(∙∙∙∙∙∙#∙#∙∙∙▒▒∙▒▒∙
▒▒▒∙∙▒▒▒▒∙▒▒▒▒▒▒∙▒▒[▒▒▒▒▒▒▒▒▒∙▒▒∙
▒▒∙▒∙▒∙∙∙∙∙>∙∙∙∙∙▒▒∙▒▒∙∙∙∙∙>∙∙▒▒▒


There were no monsters in sight!

Vanquished Creatures
  3 endoplasms (D:1)
  A giant cockroach (D:1)
  2 goblins (D:1)
  A quokka (D:1)
  5 ball pythons (D:1)
  2 bats (D:1)
  2 frilled lizards (D:1)
  2 kobolds (D:1)
  2 rats (D:1)
20 creatures vanquished.

Notes
Turn   | Place    | Note
-------+----------+-------------------------------------------
     0 | D:1      | flappity the Kobold Hexslinger began the quest for the Orb.
     0 | D:1      | Reached XP level 1. HP: 12/12 MP: 2/2
   246 | D:1      | Reached XP level 2. HP: 16/16 MP: 3/3
   326 | D:1      | Found a faded altar of an unknown god.
   330 | D:1      | Prayed at the altar of an unknown god.
   330 | D:1      | Became a worshipper of Uskayaw the Reveller
   330 | D:1      | Reached * piety under Uskayaw
   414 | D:1      | Reached skill level 3 in Ranged Weapons
   634 | D:1      | Reached ** piety under Uskayaw
   749 | D:1      | Reached XP level 3. HP: 16/20 MP: 5/5
   888 | D:1      | HP: 5/20 [orc wizard/puff of flame (7)]
   891 | D:1      | HP: 2/20 [orc wizard/+0 dagger (3)]
   893 | D:1      | Slain by an orc wizard

Levels and vault maps discovered:
D:1:      dpeg_arrival_fog, layout_loops_cross,
          hellmonk_ecumenical_altar_leap_of_faith, minmay_misc_feat_pillars
D:2:      layout_basic

Action                     || total
---------------------------++-------
  Melee: Whip              ||     8
   Fire: Sling             ||    53
   Cast: Slow              ||     3
    Use: Potion            ||     2
 Armour: Robe              ||     6
  Dodge: Dodged            ||    23
